 Dungeon Crawl Stone Soup version 0.32-a0-711-g016ad743e0 (webtiles) character file.

Game seed: 8182628306300058589

427 tilp the Sneak (level 6, -8/46 HPs)
             Began as a Vampire Enchanter on Mar 15, 2024.
             Mangled by a sleepcap (16 damage)
             ... on level 4 of the Dungeon.
             The game lasted 00:05:49 (3277 turns).

tilp the Sneak (Vampire Enchanter)                  Turns: 3277, Time: 00:05:49

Health: -8/46      AC:  3    Str:  7    XL:     6   Next: 65%
Magic:  7/10       EV:  2    Int: 19    God:
Gold:   31         SH:  0    Dex: 15    Spells: 2/10 levels left

rFire   . . .        b - +0 dagger (venom)
rCold   . . .        (no shield)
rNeg    . . .        k - +0 robe
rPois   .            l - +0 helmet
rElec   .            (no cloak)
rCorr   .            (no gloves)
SInv    +            (no boots)
Will    .....        (no amulet)
Stlth   +++          (no ring)
HPRegen 0.47/turn    (no ring)
MPRegen 0.12/turn

%: no passive effects
@: sleeping, healing quickly
A: alive, fangs 3, see invisible, vampiric 2
a: Exsanguinate


You were on level 4 of the Dungeon.
You visited 1 branch of the dungeon, and saw 4 of its levels.

You collected 184 gold pieces.
You spent 153 gold pieces at shops.

Inventory:

Hand Weapons
 a - a +1 dagger
 b - a +0 dagger of venom (weapon)
 j - a +2 dagger of holy wrath
Armour
 k - a +0 robe (worn)
 l - a +0 helmet (worn)
Magical Staves
 o - a staff of alchemy
Scrolls
 n - 2 scrolls of teleportation
Potions
 c - 2 potions of invisibility
 d - a potion of resistance
 e - a potion of curing {unknown}
 f - a potion of berserk rage {unknown}
 g - 4 potions of attraction
 h - a potion of haste {unknown}
 i - 2 potions of lignification
 m - 2 potions of might {unknown}
 p - a potion of experience {unknown}
 q - a potion of heal wounds {unknown}


   Skills:
 * Level 2.4 Fighting
 * Level 3.5(4.1) Short Blades
 * Level 2.7(3.5) Long Blades
 + Level 3.2 Dodging
 + Level 5.5 Stealth
 + Level 2.7 Spellcasting
 + Level 5.3 Hexes


You had 2 spell levels left.
You knew the following spells:

 Your Spells              Type           Power      Damage    Failure   Level
a - Ensorcelled Hibernat  Hex/Ice        24%        N/A       8%          2
b - Tukima's Dance        Hex            23%        N/A       5%          3
c - Dazzling Flash        Conj/Hex       24%        N/A       16%         3

Your spell library contained the following spells:

 Spells                   Type           Power      Damage    Failure   Level
 Magic Dart               Conj           8%         1d3       16%         1
 Mercury Vapours          Alch/Air       4%         N/A       24%         2
 Searing Ray              Conj           4%         2d4       24%         2
 Sublimation of Blood     Necr           2%         N/A       24%         2
 Confusing Touch          Hex            23%        N/A       5%          3
 Mephitic Cloud           Conj/Alch/Air  2%         N/A       43%         3
 Fulminant Prism          Conj/Alch      1%         3d5       83%         4
 Petrify                  Alch/Erth      2%         N/A       83%         4
 Freezing Cloud           Conj/Ice/Air   1%         6-21      99%         5
 Irradiate                Conj/Alch      1%         3d12      99%         5


Dungeon Overview and Level Annotations

Branches:
Dungeon (4/15)             Temple (0/1) D:4

Altars:
Trog
Vehumet

Shops:
D:2 (   D:3 [   D:4 [


Innate Abilities, Weirdness & Mutations

Your natural rate of healing is accelerated.
You have razor-sharp teeth.
You have supernaturally acute eyesight. (SInv)
You are afflicted with vampirism and can become a bat while bloodless.


Message History

The sleepcap releases spores at you.
You are engulfed in a cloud of soporific spores!
You fall asleep.
The sleepcap releases spores at you!
You wake up.
You are engulfed in a cloud of soporific spores!
You are unaffected.
You hit the sleepcap but do no damage.
The sleepcap is lightly damaged.
You hit the sleepcap but do no damage.
The sleepcap is lightly damaged.
The sleepcap closely misses you.
You hit the sleepcap but do no damage.
The sleepcap is lightly damaged.
The sleepcap releases spores at you.
You hit the sleepcap.
The sleepcap is moderately damaged.
The sleepcap releases spores at you.
* * * LOW HITPOINT WARNING * * *
Unknown command.
You hit the sleepcap but do no damage.
You bite the sleepcap, but do no damage.
The sleepcap is moderately damaged.
The sleepcap releases spores at you.
* * * LOW HITPOINT WARNING * * *
Unknown command.
You hit the sleepcap but do no damage.
The sleepcap is moderately damaged.
You hit the sleepcap but do no damage.
The sleepcap is moderately damaged.
The sleepcap releases spores at you.
* * * LOW HITPOINT WARNING * * *
You hit the sleepcap but do no damage.
You bite the sleepcap, but do no damage.
The sleepcap is moderately damaged.
The sleepcap releases spores at you.
* * * LOW HITPOINT WARNING * * *
You are engulfed in a cloud of soporific spores!
You fall asleep.
The sleepcap releases spores at you!
You die...

###.# .. ### ##..#
.###..... ##.## ##.##......
...# ####........? ####
#......#...# #.†#...#.⌠.#
### #...###...###....
##....).......##.
##..⌠..>@f⌠.....
#...†.........##
#######.###...###..#.
#.....#...#.⌠.#......
#.........#...#....##### #
#.....#................#
######.#....#####.........#
.........##.# #.........###
.....#.####.#
##...)......^#


You could see a sleepcap (poisoned).

Vanquished Creatures
  A scorpion (D:4)
  2 orc priests (D:3)
  2 hounds (D:4)
  Jessica (D:2)
  An iguana (D:4)
  2 adders
  8 gnolls
  2 dart slugs (D:2)
  2 ribbon worms (D:2)
  7 orcs (D:3)
  10 ball pythons
  3 endoplasms
  A giant cockroach (D:2)
  6 goblins
  9 hobgoblins
  4 quokkas
  10 bats
  5 frilled lizards
  6 kobolds
  6 rats
88 creatures vanquished.

Vanquished Creatures (collateral kills)
  A gnoll (D:4)
1 creature vanquished.

Grand Total: 89 creatures vanquished

Notes
Turn   | Place    | Note
-------+----------+-------------------------------------------
     0 | D:1      | tilp the Vampire Enchanter began the quest for the Orb.
     0 | D:1      | Reached XP level 1. HP: 13/13 MP: 3/3
   250 | D:1      | Reached XP level 2. HP: 20/20 MP: 5/5
   253 | D:1      | Learned a level 2 spell: Ensorcelled Hibernation
   599 | D:1      | Gained mutation: You are afflicted with vampirism and can
                  | become a bat while bloodless. [Vampire growth]
   599 | D:1      | Reached XP level 3. HP: 25/25 MP: 6/6
   983 | D:2      | Noticed Jessica
   991 | D:2      | Reached skill level 1 in Fighting
   991 | D:2      | Reached skill level 1 in Long Blades
   992 | D:2      | Killed Jessica
   993 | D:2      | Reached XP level 4. HP: 23/32 MP: 0/7
  1384 | D:2      | Found Ihaaxuet's Antique Weapon Shop.
  1537 | D:2      | Reached skill level 5 in Stealth
  1637 | D:2      | Reached XP level 5. HP: 37/37 MP: 5/8
  1706 | D:2      | Learned a level 3 spell: Tukima's Dance
  1710 | D:2      | Learned a level 3 spell: Dazzling Flash
  1993 | D:3      | Found Fonlouse's Antique Armour Emporium.
  2042 | D:3      | Reached skill level 5 in Hexes
  2177 | D:3      | Found a faded altar of an unknown god.
  2519 | D:3      | Found a bloodstained altar of Trog.
  2537 | D:4      | Found Joroakh's Antique Armour Shoppe.
  2539 | D:4      | Bought a helmet for 153 gold pieces
  2595 | D:4      | Found a radiant altar of Vehumet.
  2772 | D:4      | Reached XP level 6. HP: 44/44 MP: 6/9
  3236 | D:4      | Found a staircase to the Ecumenical Temple.
  3277 | D:4      | Mangled by a sleepcap

Illustrated notes

Levels and vault maps discovered:
D:1:      eino_arrival_cavern_a, layout_basic, minmay_quantized
D:2:      layout_basic, serial_shops, shop, hangedman_feature_mirror,
          uniq_jessica
D:3:      layout_basic, nicolae_overflow_ecumenical_swirl, serial_shops, shop,
          grunt_decor_cap, serial_bayou_pond_e, grunt_ministairs_13,
          grunt_decor_junction
D:4:      cheibrodos_quashed, layout_rooms, zin_purify,
          ashenzari_conservatory_becter, mainiacjoe_overflow_brackets,
          minmay_temple_entry_junction_2, serial_shops, shop

Skill      XL: |  1  2  3  4  5 |
---------------+----------------+-----
Short Blades   | 2 3 |  3.5
Fighting       | 1 2 |  2.4
Long Blades    | 1 2 |  2.7
Stealth        | 5 |  5.5
Dodging        | 3 |  3.2
Hexes          | 5 |  5.3
Spellcasting   | |  2.7

Action                     |  1- 3 |  4- 6 || total
---------------------------+-------+-------++-------
  Melee: Dagger            |    76 |   127 ||   203
         Bite              |     4 |    16 ||    20
   Cast: Ensorcelled Hiber |     5 |    38 ||    43
         Tukima's Dance    |       |     1 ||     1
    Use: Scroll            |     3 |     5 ||     8
   Stab: Sleeping          |    15 |    32 ||    47
 Armour: Robe              |    47 |    66 ||   113
  Dodge: Dodged            |    41 |    77 ||   118

Table legend: (Time is in decaauts)
 A = Elapsed time spent in this place.
 B = Non-inter-level travel time spent in this place.
 C = Inter-level travel time spent in this place.
 D = Time resting spent in this place.
 E = Time spent auto-exploring this place.
 F = Levels seen in this place.
 G = Mean time per level.
                   A        B        C        D        E       F      G
               +--------+--------+--------+--------+--------+-----+--------+
         Total |   3243 |   3156 |     87 |    107 |   2334 |   4 |  810.8 |
       Dungeon |   3243 |   3156 |     87 |    107 |   2334 |   4 |  810.8 |
               +--------+--------+--------+--------+--------+-----+--------+

Top non-repeatable levels by time:
     D:1: 950 daAuts
     D:2: 793 daAuts
     D:3: 771 daAuts
     D:4: 728 daAuts
